 Dungeon Crawl Stone Soup version 0.26-a0-812-g31a745ddcd (webtiles) character file.

Game seed: 9126027618074031271

7557 Riddle the Fighter (level 10, 0/90 HPs)
             Began as a White Draconian Fighter on Nov 13, 2020.
             Was a Priest of Cheibriados.
             Hit by a javelin thrown by a minotaur (32 damage)
             ... in a Gauntlet.
             The game lasted 00:29:39 (13149 turns).

Riddle the Fighter (White Draconian Fighter)       Turns: 13149, Time: 00:29:40

Health: 0/90       AC: 11    Str: 30    XL:     10   Next: 96%
Magic:  14/14      EV: 16    Int: 18    God:    Cheibriados [***...]
Gold:   408        SH: 13    Dex: 21    Spells: 11/13 levels left

rFire    . . .     SeeInvis .   N - +0 hand axe (vamp)
rCold    + . .     Faith    .   b - +0 kite shield
rNeg     . . .     Spirit   .   (armour unavailable)
rPois    +         Reflect  .   d - +1 hat of Zisukk {rPois Str+4}
rElec    .         Harm     .   I - scarf {shadows}
rCorr    .         Rampage  .   L - +0 pair of gloves
MR       .....     NoTele   +   w - +1 pair of boots
Stlth    ++........             B - amulet of regeneration
HPRegen  0.65/turn              (no ring)
MPRegen  0.14/turn              A - ring of flight

@: mighty, drained, very slow
A: breathe frost, unfitting armour, cold resistance 1, cold-blooded, AC +7
a: Breathe Frost, Bend Time, Temporal Distortion, Renounce Religion, Evoke
Flight


You were in a Gauntlet.
You worshipped Cheibriados.
Cheibriados was most pleased with you.
You visited 2 branches of the dungeon, and saw 12 of its levels.
You also visited: Sewer, Ossuary and Gauntlet.

You collected 474 gold pieces.
You spent 66 gold pieces at shops.

Inventory:

Hand Weapons
 o - a +1 hand axe of flaming
 t - a +1 short sword of distortion
 N - a +0 vampiric hand axe (weapon)
Armour
 b - a +0 kite shield (worn)
 d - the +1 hat of Zisukk (worn) {rPois Str+4}
   (You found it in a Gauntlet)

   It affects your strength (+4).
   It protects you from poison.
 w - a +1 pair of boots (worn)
 I - a scarf of shadows (worn)
 L - a +0 pair of gloves (worn)
Jewellery
 m - an uncursed amulet of guardian spirit
 A - a ring of flight (right hand)
 B - an amulet of regeneration (around neck)
Wands
 a - a wand of flame (12)
 i - a wand of iceblast (14)
 y - a wand of enslavement (4)
 J - a wand of disintegration (12)
Scrolls
 f - 2 scrolls of enchant weapon
 g - 12 scrolls of remove curse
 l - 3 scrolls of immolation
 n - 2 scrolls of blinking
 q - 3 scrolls of fog
 s - 2 scrolls of magic mapping
 v - 3 scrolls of amnesia
 F - a scroll of fear
Potions
 c - a potion of might
 e - 4 potions of curing
 r - 2 potions of brilliance {unknown}
 x - 2 potions of attraction {unknown}
 C - a potion of resistance {unknown}
 D - a potion of magic {unknown}
 E - 3 potions of invisibility {unknown}
 H - a potion of flight {unknown}
 M - 2 potions of cancellation {unknown}


   Skills:
 + Level 8.8(8.2) Fighting
 + Level 7.7(7.1) Axes
 + Level 7.4(6.7) Dodging
 + Level 8.0(7.4) Shields
 - Level 2.2(1.7) Spellcasting
 * Level 3.8(3.2) Hexes
 + Level 6.5(5.8) Invocations


You had 11 spell levels left.
You knew the following spells:

 Your Spells              Type           Power        Failure   Level
a - Slow                  Hex            #.......     19%         2

Your spell library contained the following spells:

 Spells                   Type           Power        Failure   Level
 Corona                   Hex            #......      13%         1
 Foxfire                  Conj/Fire      #...         43%         1
 Magic Dart               Conj           #...         43%         1
 Blink                    Tloc           N/A          58%         2
 Call Imp                 Summ           #.......     58%         2
 Inner Flame              Hex/Fire       #.......     58%         3
 Portal Projectile        Hex/Tloc       #.....       58%         3
 Cause Fear               Hex            #.........   77%         4
 Conjure Flame            Conj/Fire      #.......     82%         3
 Mephitic Cloud           Conj/Pois/Air  #.......     82%         3
 Leda's Liquefaction      Hex/Erth       #.........   94%         4
 Ice Form                 Ice/Tmut       #.......     99%         4
 Sticky Flame             Conj/Fire      #.......     99%         4
 Fireball                 Conj/Fire      #.........   100%        5
 Metabolic Englaciation   Hex/Ice        #.........   100%        5
 Freezing Cloud           Conj/Ice/Air   #.........   100%        6
 Ozocubu's Refrigeration  Ice            #.........   100%        6
 Simulacrum               Ice/Necr       #.........   100%        6


Dungeon Overview and Level Annotations

Branches:
Dungeon (11/15)            Temple (1/1) D:4            Lair (0/6) D:9
  Sewer (visited)         Ossuary (visited)         Gauntlet (1/1)
    Orc: D:9-12

Altars:
Ashenzari
Cheibriados
Dithmenos
Elyvilon
Fedhas
Gozag
Hepliaklqana
Kikubaaqudgha
Makhleb
Nemelex Xobeh
Okawaru
Qazlal
Ru
Sif Muna
Trog
Uskayaw
Vehumet
Wu Jian
Xom
Yredelemnul
Zin
The Shining One

Shops:
D:5 !   D:6 [   D:8 :

Annotations:
D:8 3 runed translucent doors, kuniqs's ghost, novice OpFi Gauntlet 10 transporters, 4 runed translucent doors, exclusions: ice statue and orange crystal statue


Innate Abilities, Weirdness & Mutations

You can breathe waves of freezing cold.
You can buffet flying creatures when you breathe cold.
Your icy white scales are hard. (AC +7)
You cannot fit into any form of body armour.
Your flesh is cold resistant. (rC+)
You are cold-blooded and may be slowed by cold attacks.


Message History

You see here 2 scrolls of random uselessness.
You feel very mighty all of a sudden. As you open the door, it creaks loudly!
A minotaur comes into view.
It is wielding a +2 falchion of draining.
The minotaur bellows!
The minotaur throws a javelin.
The javelin barely misses you.
Found a runed dagger.
Found a gate leading back out of this place.
The minotaur hits you with a +2 falchion of draining!
You feel drained.
You block the minotaur's attack. x2; The minotaur gores you!
There is an open door here.
You completely miss the minotaur.
The minotaur furiously retaliates!
The minotaur headbutts you!
You tail-slap the minotaur, but do no damage.
The minotaur hits you with a +2 falchion of draining.
You feel drained. The minotaur gores you!
The minotaur throws a javelin.
The javelin pierces through you!
You see here a javelin.
The minotaur throws a javelin.
The javelin pierces through you!!
You die...

#..####.# #####..#©.##.
##########≈8≈#..#.#..#
####....##.##...#..####.#
##....##.##....8.#####..##
#..##.##....##.....©##..##
##.##....##.##.8.####Y#=#.
#....##.##......#..##.#$©
#..##.##.@..##.8.#..######
########(##.##...#≈.......
###∩..H'(##....8.#∩.......
#.######....##...#≈.......
##.##....##.##.8.#..######
##....##.##......#..#../?§
#..##.##....##.8.####.#..8
##.##....##.##.....©#.##yh
#....##.##....8.####..###


You could see a minotaur.

Vanquished Creatures
  An ugly thing (D:11)
  A komodo dragon (D:9)
  A centaur skeleton (D:10)
  A rime drake (Gauntlet)
  A tengu conjurer (Gauntlet)
  2 trolls
  A polar bear (D:10)
  A hornet (D:9)
  A shadow (D:9)
  A wraith (D:10)
  4 humans (D:8)
  A basilisk (D:9)
  Edmund (D:4)
  A water moccasin (D:10)
  A soldier ant (D:10)
  A swamp drake (D:9)
  A black bear (D:8)
  4 ogres
  4 centaurs
  2 ice beasts (D:8)
  A big kobold (D:9)
  5 bullfrogs
  A wyvern zombie (D:10)
  9 scorpions
  A water moccasin skeleton (D:6)
  4 killer bees (D:9)
  9 wights
  3 howler monkeys
  A centaur zombie (D:5)
  A quasit (D:11)
  A jelly (D:11)
  An orc priest (D:4)
  2 human zombies (Ossuary)
  6 hounds
  6 orc wizards
  3 bullfrog skeletons
  5 worker ants
  3 iguanas
  A big kobold zombie (Ossuary)
  A hound zombie (D:5)
  A worker ant zombie (D:5)
  3 mummies (Ossuary)
  3 gnolls (D:2)
  13 adders
  5 scorpion zombies (Ossuary)
  2 white imps
  3 ufetubi
  2 oozes (D:2)
  An adder skeleton (D:4)
  3 adder zombies
  2 worms
  3 dart slugs
  2 leopard geckos
  30 orcs
  9 ball pythons
  4 bats
  6 giant cockroaches
  A gnoll zombie (Ossuary)
  14 goblins
  6 hobgoblins
  12 jackals
  16 kobolds
  7 quokkas
  A ball python skeleton (D:4)
  9 frilled lizards
  A giant cockroach zombie (D:6)
  4 goblin zombies (Ossuary)
  4 hobgoblin zombies (Ossuary)
  A jackal zombie (D:7)
  2 kobold zombies (Ossuary)
  5 orc zombies (Ossuary)
  A quokka skeleton (D:8)
  11 rats
282 creatures vanquished.

Vanquished Creatures (others)
  A komodo dragon (D:9)
  2 killer bees (D:9)
  An orc wizard (D:4)
  An orc (D:4)
  11 plants
16 creatures vanquished.

Grand Total: 298 creatures vanquished

Notes
Turn   | Place    | Note
-------+----------+-------------------------------------------
     0 | D:1      | Riddle the Draconian Fighter began the quest for the Orb.
     0 | D:1      | Reached XP level 1. HP: 19/19 MP: 1/1
   124 | D:1      | Reached XP level 2. HP: 26/26 MP: 2/2
   791 | D:2      | Reached XP level 3. HP: 10/33 MP: 3/3
  1147 | D:2      | Found a radiant altar of Vehumet.
  1207 | D:2      | Reached XP level 4. HP: 36/40 MP: 4/4
  1701 | D:2      | Found a shimmering altar of Xom.
  1935 | D:3      | Found a glowing golden altar of the Shining One.
  2059 | D:3      | HP: 1/40 [orc wizard/puff of flame (7)]
  2071 | D:3      | Reached XP level 5. HP: 29/46 MP: 5/5
  2550 | D:3      | Found a burning altar of Makhleb.
  2949 | D:4      | Found a staircase to the Ecumenical Temple.
  2981 | Temple   | Entered the Ecumenical Temple
  3320 | D:4      | Noticed Edmund
  3324 | D:4      | Found a glowing drain.
  3350 | D:4      | Reached XP level 6. HP: 38/53 MP: 4/6
  3353 | D:4      | Killed Edmund
  3361 | Sewer    | Entered a sewer
  4227 | D:4      | Reached skill level 5 in Fighting
  4711 | D:4      | Your scales start taking on an icy white colour.
  4711 | D:4      | Reached XP level 7. HP: 59/61 MP: 7/7
  4711 | D:4      | Gained mutation: Your flesh is cold resistant. (rC+) [White
                  | Draconian growth]
  5354 | D:5      | Entered Level 5 of the Dungeon
  5678 | D:5      | Reached skill level 5 in Shields
  5917 | D:5      | Found Saklah's Distillery.
  5920 | D:5      | Bought a potion of degeneration for 11 gold pieces
  5920 | D:5      | Bought a potion of heal wounds for 55 gold pieces
  5990 | D:5      | Found a snail-covered altar of Cheibriados.
  6013 | D:5      | Became a worshipper of Cheibriados the Contemplative
  6545 | D:5      | Found a burning altar of Makhleb.
  6611 | D:6      | Reached skill level 5 in Axes
  6611 | D:6      | Reached XP level 8. HP: 66/70 MP: 8/8
  6613 | D:6      | Reached skill level 1 in Invocations
  6649 | D:6      | Reached skill level 5 in Dodging
  6685 | D:6      | Found Vag Nyd's Antique Armour Shop.
  6878 | D:6      | Reached * piety under Cheibriados
  6905 | D:6      | Found a sand-covered staircase.
  6918 | D:6      | Found a radiant altar of Vehumet.
  6962 | Ossuary  | Entered an ossuary
  7733 | D:6      | Reached ** piety under Cheibriados
  8182 | D:7      | Reached XP level 9. HP: 65/78 MP: 11/11
  8614 | D:8      | Reached *** piety under Cheibriados
  8700 | D:8      | Found Teprah's Book Emporium.
  8786 | D:8      | Learned a level 2 spell: Slow
  9128 | D:8      | Found a runed translucent gate.
  9128 | D:8      | Found a runed translucent gate.
  9128 | D:8      | Found an opulent altar of Gozag.
  9128 | D:8      | Found a runed translucent gate.
  9131 | D:8      | Noticed a great orb of eyes
  9149 | D:8      | Noticed kuniqs's ghost (novice OpFi)
  9193 | D:9      | Reached skill level 5 in Invocations
  9212 | D:9      | Noticed a troll
  9421 | D:9      | Reached skill level 1 in Hexes
  9425 | D:9      | Reached skill level 1 in Spellcasting
  9440 | D:9      | Noticed a komodo dragon
  9449 | D:9      | Noticed a komodo dragon
  9468 | D:9      | Reached XP level 10. HP: 58/88 MP: 13/13
  9727 | D:9      | Found a blossoming altar of Fedhas.
  9930 | D:9      | Reached **** piety under Cheibriados
 10036 | D:9      | Found a staircase to the Lair.
 10543 | D:10     | Entered Level 10 of the Dungeon
 11078 | D:10     | Found a transporter.
 11079 | D:10     | Noticed an orc knight
 11079 | D:10     | Noticed a fire dragon
 11079 | D:10     | Noticed a skeletal warrior
 11700 | D:10     | Found a transporter.
 11740 | D:10     | Identified the +7 war axe of Boorgh {vorpal, rF+ MR- Str+3}
 11740 | D:10     | Identified the ring "Nidaofod" {rC+ rN+ MR+ Int+3}
 11817 | D:11     | Noticed a green ugly thing
 11950 | D:11     | Killed a green ugly thing
 12119 | D:11     | Found a gate leading to a gauntlet.
 12127 | Gauntlet | Entered a Gauntlet
 12127 | Gauntlet | Found a transporter.
 12127 | Gauntlet | Found a transporter.
 12127 | Gauntlet | Found a large runed translucent door.
 12127 | Gauntlet | Found a large runed translucent door.
 12127 | Gauntlet | Found a large runed translucent door.
 12127 | Gauntlet | Found a large runed translucent door.
 12127 | Gauntlet | Found a large runed translucent door.
 12127 | Gauntlet | Found a large runed translucent door.
 12127 | Gauntlet | Found a runed translucent door.
 12127 | Gauntlet | Found a runed translucent door.
 12127 | Gauntlet | Found a large runed translucent door.
 12127 | Gauntlet | Found a large runed translucent door.
 12127 | Gauntlet | Found a large runed translucent door.
 12128 | Gauntlet | Found a large runed translucent door.
 12134 | Gauntlet | Found a large runed translucent door.
 12134 | Gauntlet | Found a transporter.
 12134 | Gauntlet | Found a large runed translucent door.
 12136 | Gauntlet | Found a large runed translucent door.
 12136 | Gauntlet | Found a large runed translucent door.
 12137 | Gauntlet | Found a runed translucent gate.
 12137 | Gauntlet | Found a runed translucent gate.
 12138 | Gauntlet | Noticed a sixfirhy
 12139 | Gauntlet | Found a transporter.
 12141 | Gauntlet | Noticed a tengu warrior
 12159 | Gauntlet | Found a transporter.
 12161 | Gauntlet | Noticed a soul eater
 12167 | Gauntlet | Found a transporter.
 12169 | Gauntlet | Found a transporter.
 12169 | Gauntlet | Found a transporter.
 12170 | Gauntlet | Noticed an elephant
 12176 | Gauntlet | Noticed an orange crystal statue
 12179 | Gauntlet | Noticed a dire elephant
 12219 | Gauntlet | Found a transporter.
 12228 | Gauntlet | Found a transporter.
 12244 | Gauntlet | Found a large runed translucent door.
 12244 | Gauntlet | Found a large runed translucent door.
 12245 | Gauntlet | Found a runed translucent gate.
 12262 | Gauntlet | Found a transporter.
 12275 | Gauntlet | Noticed an ice statue
 12276 | Gauntlet | Found a transporter.
 12289 | Gauntlet | Found a transporter.
 12378 | Gauntlet | Found a transporter.
 12385 | Gauntlet | Noticed an eye of devastation
 12396 | Gauntlet | Found a transporter.
 12405 | Gauntlet | Found a transporter.
 12937 | Gauntlet | Got a polished hat
 12939 | Gauntlet | Noticed a wizard
 13027 | Gauntlet | Identified the +1 hat of Zisukk {rPois Str+4} (You found it
                  | in a Gauntlet)
 13145 | Gauntlet | Noticed a minotaur
 13149 | Gauntlet | Hit by a javelin thrown by a minotaur

Illustrated notes

Levels and vault maps discovered:
D:1:      psy_arrival_radial02, layout_loops_ring, kennysheep_boxes
D:2:      layout_basic, lemuel_doored_altar, fiery_altar_vehumet
D:3:      layout_basic, marbit_many_paths, nicolae_tso_carved_into_rock
D:4:      layout_basic, minmay_temple_entry_statues_fountains,
          cheibrodos_sewer_entry_drain, uniq_edmund
D:5:      layout_layer_cave, cheibrodos_worm_habitat, serial_shops,
          kennysheep_mini, makhleb_blood_cavern_becter
D:6:      layout_loops_ring, nicolae_ossuary_entry_false_entrances, basic_altar,
          serial_shops, nicolae_shop_window_shopping, minmay_misc_feat_encased
D:7:      layout_rooms
D:8:      layout_loops_cross, ebering_ghost_gozag, serial_shops, shop,
          minmay_ruffians
D:9:      layout_cave_pools, erik_lair_dragon, fedhas_altar_4
D:10:     gammafunk_the_bubble [the_bubble_gammafunk_split],
          layout_irregular_city, serial_ice, serial_ice_k, serial_ice_g,
          serial_ice_d, serial_ice_a, grunt_ministairs_13
D:11:     layout_loops_ring, gauntlet_entry_generic, minivault_4
Temple:   hc_temple_tempest_star
Gauntlet: gammafunk_gauntlet_branching
          [minmay_gauntlet_arena_make_your_own_arena,
          gammafunk_gauntlet_arena_teeth, gammafunk_gauntlet_arena_open,
          gammafunk_gauntlet_arena_grid, nicolae_gauntlet_arena_grate_2,
          gammafunk_gauntlet_arena_chambers, gammafunk_gauntlet_arena_split_x,
          gammafunk_gauntlet_arena_mazey, gauntlet_exit_green]

Skill      XL: |  1  2  3  4  5  6  7  8  9 10 |
---------------+-------------------------------+-----
Dodging        | 3 4 5 6 7 |  7.4
Fighting       | 4 5 6 8 |  8.8
Axes           | 3 4 5 6 7 |  7.7
Shields        | 4 5 6 7 8 |  8.0
Invocations    | 3 5 6 |  6.5
Hexes          | 1 3 |  3.8
Spellcasting   | 1 2 |  2.2

Action                   |  1- 3 |  4- 6 |  7- 9 | 10-12 || total
-------------------------+-------+-------+-------+-------++-------
Melee: War axe           |   106 |   126 |       |       ||   232
       Tailslap          |    12 |    24 |   103 |   118 ||   257
       Hand axe          |       |   120 |   552 |   355 ||  1027
Invok: Bend Time         |       |       |       |     4 ||     4
       Slouch            |       |       |       |     1 ||     1
       Temporal Distorti |       |       |       |     1 ||     1
 Abil: Breathe Frost     |       |       |     1 |     1 ||     2
  Use: Potion            |       |     2 |     1 |     6 ||     9
       Scroll            |       |     3 |    10 |    10 ||    23
 Stab: Sleeping          |       |     1 |     4 |     2 ||     7
       Distracted        |       |       |     1 |     1 ||     2
       Confused          |       |       |       |     5 ||     5
Armor: Skin              |    36 |   107 |   116 |    83 ||   342
Dodge: Dodged            |    37 |   137 |   253 |   228 ||   655
Block: Kite shield       |    40 |   157 |   327 |   240 ||   764

Table legend: (Time is in decaauts)
 A = Elapsed time spent in this place.
 B = Non-inter-level travel time spent in this place.
 C = Inter-level travel time spent in this place.
 D = Time resting spent in this place.
 E = Time spent auto-exploring this place.
 F = Levels seen in this place.
 G = Mean time per level.
                   A        B        C        D        E       F      G
               +--------+--------+--------+--------+--------+-----+--------+
         Total |  15897 |  14871 |   1026 |   2369 |   8739 |  15 | 1059.8 |
       Dungeon |  12404 |  11408 |    996 |   2109 |   6635 |  11 | 1127.6 |
        Temple |    331 |    301 |     30 |      0 |    297 |   1 |  331.0 |
         Sewer |    981 |    981 |      0 |      0 |    803 |   1 |  981.0 |
       Ossuary |    620 |    620 |      0 |     57 |    341 |   1 |  620.0 |
      Gauntlet |   1559 |   1559 |      0 |    202 |    661 |   1 | 1559.0 |
               +--------+--------+--------+--------+--------+-----+--------+

Top non-repeatable levels by time:
     D:9: 1920 daAuts
Gauntlet: 1559 daAuts
    D:10: 1404 daAuts
     D:3: 1384 daAuts
     D:8: 1382 daAuts
     D:5: 1175 daAuts
     D:4: 1161 daAuts
     D:6: 1102 daAuts
     D:1: 1034 daAuts
     D:2: 983 daAuts
   Sewer: 981 daAuts
 Ossuary: 620 daAuts
     D:7: 565 daAuts
  Temple: 331 daAuts
    D:11: 290 daAuts
